 Dungeon Crawl Stone Soup version 0.23-a0-143-g1adec7b (webtiles) character file.

83210 HarryHood the Bludgeoner (level 15, -4/143 HPs)
             Began as a Minotaur Berserker on Sept 12, 2017.
             Was the Champion of Trog.
             Slain by a wolf spider (16 damage)
             ... on level 2 of the Spider Nest on Sept 1, 2018.
             The game lasted 01:45:09 (21592 turns).

HarryHood the Bludgeoner (Minotaur Berserker)      Turns: 21592, Time: 01:45:10

Health: -4/143     AC: 26    Str: 30    XL:     15   Next: 31%
Magic:  4/4        EV: 14    Int:  5    God:    Trog [******]
Gold:   2228       SH: 18    Dex: 14    Spells: 14/14 levels left

rFire    . . .     SeeInvis +   a - +3 eveningstar (antimagic)
rCold    + . .     Gourm    .   w - +0 shield
rNeg     + + .     Faith    .   P - +4 scale mail of Boiling Hail {-Tele rC+ rN++ SInv}
rPois    +         Spirit   .   M - +2 hat
rElec    .         Reflect  +   n - +2 cloak {rPois}
rCorr    .         Harm     .   z - +2 pair of gloves {Dex+3}
MR       +....     NoTele   +   F - +1 pair of boots
Stlth    ..........             I - +3 amulet of reflection
HPRegen  0.33/turn              u - +4 ring of strength
MPRegen  0.09/turn              k - ring of poison resistance

@: lethally poisoned (-4 -> -32), berserk cooldown, slowed, very slow
A: retaliatory headbutt, horns 2, blurry vision 1, screaming 1
a: Berserk, Trog's Hand, Brothers in Arms, Renounce Religion


You were on level 2 of the Spider Nest.
You worshipped Trog.
Trog was exalted by your worship.
You were near starving.

You visited 5 branches of the dungeon, and saw 23 of its levels.

You collected 2614 gold pieces.
You spent 386 gold pieces at shops.

Inventory:

Hand Weapons
 a - a +3 antimagic eveningstar (weapon)
 b - a +0 hunting sling of velocity
 Q - the +10 glaive "Suviez" {antimagic, rF+++ Int-4 Dex+5, unknown}
   (You found it on level 6 of the Lair of Beasts)

   It reduces the magical energy of the wielder, and disrupts the spells and
   magical abilities of those hit.
   Natural abilities and divine invocations are not affected.
   It affects your intelligence (-4).
   It affects your dexterity (+5).
   It renders you almost immune to fire.
Missiles
 d - 406 stones (quivered)
 g - 88 sling bullets
Armour
 f - the +2 cloak of the Doge {Regen+ Str+4}
   (You acquired it on level 8 of the Dungeon)

   It affects your strength (+4).
   It increases your rate of regeneration.
 n - a +2 cloak of poison resistance (worn)
 q - the +6 chain mail "Vabuepir" {rF+ Str+3}
   (You found it on level 5 of the Dungeon)

   It affects your strength (+3).
   It protects you from fire.
 w - a +0 shield (worn)
 z - a +2 pair of gloves of dexterity (worn)
 F - a +1 pair of boots (worn)
 M - a +2 hat (worn)
 P - the +4 scale mail of Boiling Hail (worn) {-Tele rC+ rN++ SInv}
   (You found it on level 6 of the Lair of Beasts)

   It protects you from cold.
   It greatly protects you from negative energy.
   It lets you see invisible.
   It prevents most forms of teleportation.
Jewellery
 k - a ring of poison resistance (right hand)
 t - an uncursed ring of protection from cold
 u - a +4 ring of strength (left hand)
 y - an uncursed ring of flight
 D - a +1 ring of protection
 I - a +3 amulet of reflection (around neck)
 J - an uncursed ring of see invisible
 K - an uncursed amulet of the gourmand
 R - an uncursed ring of ice
Wands
 v - a wand of digging (18)
Scrolls
 e - a scroll of silence
 l - 3 scrolls of remove curse {@r1}
 o - 4 scrolls of fear
 s - 5 scrolls of fog
 H - 2 scrolls of blinking {@r7}
 O - 8 scrolls of teleportation {@r0}
Potions
 h - 8 potions of lignification {!q}
 i - 3 potions of brilliance
 j - a potion of resistance
 m - 8 potions of curing {@q2}
 p - 3 potions of agility
 x - 3 potions of might
 A - 2 potions of invisibility
 B - 3 potions of heal wounds {@q1}
 C - a potion of mutation {!q}
 E - a potion of magic
 G - 5 potions of flight
 L - 2 potions of cancellation
Comestibles
 c - 28 rations {@e1}


   Skills:
 * Level 15.7 Fighting
 - Level 16.0 Maces & Flails
 + Level 6.6 Slings
 - Level 15.0 Armour
 - Level 6.2 Dodging
 - Level 15.0 Shields


You had 14 spell levels left.
You didn't know any spells.
Your spell library was empty.

Dungeon Overview and Level Annotations

Branches:
Dungeon (12/15)            Temple (1/1) D:7            Lair (6/6) D:11
 Shoals (0/4) Lair:3       Spider (2/4) Lair:2        Slime (0/5) Lair:5
    Orc (2/2) D:12            Elf (0/3) Orc:2

Altars:
Ashenzari
Cheibriados
Dithmenos
Elyvilon
Fedhas
Gozag
Hepliaklqana
Kikubaaqudgha
Makhleb
Nemelex Xobeh
Okawaru
Qazlal
Ru
Sif Muna
Trog
Uskayaw
Vehumet
Wu Jian
Xom
Yredelemnul
Zin
The Shining One
Beogh

Shops:
D:9 [   D:12 }   Orc:1 *   Orc:2 *[(:

Annotations:
Lair:2 exclusion: oklob plant
Lair:3 exclusion: 4 oklob plants


Innate Abilities, Weirdness & Mutations

You reflexively headbutt those who attack you in melee.
You have a pair of horns on your head.
Scrolls take you a little longer to read.
You occasionally shout uncontrollably at your foes.


Message History

The wolf spider poisons you! You block the wolf spider's attack.
The wolf spider bites you but does no damage.
You take 5 damage, and have 34/143 hp.
* * * LOW HITPOINT WARNING * * *
You feel very sick.
The jumping spider leaps! x2
You take 5 damage, and have 29/143 hp.
* * * LOW HITPOINT WARNING * * *
You feel very sick.
The jumping spider leaps!
You block the wolf spider's attack. x3
The wolf spider bites you but does no damage.
The wolf spider hits you but does no damage.
The wolf spider bites you!
* * * LOW HITPOINT WARNING * * *
You take 12 damage, and have 17/143 hp.
* * * LOW HITPOINT WARNING * * *
You feel very sick.
You block the wolf spider's attack. x2; The jumping spider leaps!
The wolf spider hits you!
You die...

..#.###..#^...#
###.......#...# #
.........#<)#
.#.###.##"..#...#
.....(=...##..#..#
.
#....#s.†^..#.#.#
).. ##§.#.###....#
#.[.###s....#
.##.# #...@s#.#.#
.. .
#..##..#..#[.. .#.
. ...#..s#.#....#.
<.#..#.#.##..##.
## #. ....#.#. . .
. #≈ #..#. #..#. #
..# # . ≈≈#


You could see 2 wolf spiders, an orb spider and a jumping spider.

Vanquished Creatures
  2 orc warlords (Orc:2)
  2 dire elephants (Lair:6)
  The ghost of Bukhlaj the Cleaver, a journeyman HOFi of Beogh (Lair:1)
  Josephine (Lair:6)
  A fire dragon (Lair:6)
  4 hydras
  A catoblepas (Lair:6)
  3 death yaks (Lair:6)
  3 two-headed ogres
  3 orc high priests (Orc:2)
  A fire crab (Lair:6)
  4 lindwurms (Lair:6)
  11 wolf spiders
  5 orc knights
  3 ugly things (D:11)
  4 orb spiders (Spider:1)
  A deep elf mage (D:12)
  4 orc sorcerers
  A cyclops (D:11)
  3 manticores
  A moth of wrath (Spider:1)
  2 elephants (Lair:6)
  5 black mambas
  5 torpor snails (Lair:6)
  2 gargoyles
  19 spiny frogs
  6 rime drakes
  6 demonic crawlers
  2 kobold demonologists (D:12)
  6 komodo dragons
  7 trolls
  8 jumping spiders (Spider:1)
  10 blink frogs
  3 tyrant leeches (Lair:6)
  2 polar bears
  4 slime creatures (D:12)
  9 hornets
  3 dream sheep
  13 hippogriffs
  Sigmund (D:4)
  7 redbacks
  3 spriggans (Lair:1)
  5 tarantellas
  5 wraiths
  A wyvern (D:9)
  2 basilisks
  4 hogs (D:7)
  24 yaks
  A human (D:7)
  Grum (D:8)
  A vampire (D:9)
  A steam dragon (D:11)
  3 wargs
  7 water moccasins
  A soldier ant (D:10)
  An acid dragon (D:12)
  10 porcupines
  34 orc warriors
  2 black bears
  A hornet zombie (D:9)
  6 sky beasts
  5 ice beasts
  11 ogres
  A phantom (D:9)
  An eye of draining (D:11)
  23 wolves
  6 centaurs
  12 crocodiles
  19 bullfrogs
  A gnoll sergeant (D:9)
  8 scorpions
  14 killer bees
  10 wights
  3 vampire bats (Lair:5)
  2 electric eels (Lair:3)
  A howler monkey (D:6)
  8 crimson imps
  9 hounds
  2 quasits (D:10)
  2 centaur zombies
  27 orc wizards
  4 bullfrog zombies
  A gnoll shaman (Orc:2)
  15 orc priests
  Crazy Yiuf (D:2)
  4 centaur skeletons
  4 iguanas
  5 jellies
  3 bullfrog skeletons
  Natasha (thrice) (D:3)
  11 worker ants
  A killer bee zombie (D:7)
  4 hound skeletons
  A hound zombie (D:5)
  2 worker ant zombies
  19 adders
  13 gnolls
  A howler monkey skeleton (D:8)
  2 shadow imps
  5 oozes (D:1)
  2 adder zombies
  2 adder skeletons
  3 worms
  2 dart slugs
  4 leopard geckos
  110 orcs
  A ball python (D:5)
  13 bats
  13 giant cockroaches
  15 goblins
  13 hobgoblins
  10 jackals
  5 quokkas
  7 frilled lizards
  12 kobolds
  13 rats
  A fungus (D:11)
  5 plants
787 creatures vanquished.

Vanquished Creatures (collateral kills)
  3 orcs (Orc:2)
3 creatures vanquished.

Vanquished Creatures (others)
  38 fungi
  10 plants
48 creatures vanquished.

Grand Total: 838 creatures vanquished

Notes
Turn   | Place    | Note
-------+----------+-------------------------------------------
     0 | D:1      | HarryHood the Minotaur Berserker began the quest for the
                  | Orb.
     0 | D:1      | Reached XP level 1. HP: 19/19 MP: 0/0
     4 | D:1      | Found a runed door.
    37 | D:1      | Reached skill level 4 in Fighting
   107 | D:1      | Reached XP level 2. HP: 17/28 MP: 1/1
   375 | D:1      | Reached skill level 5 in Fighting
   498 | D:1      | Reached ** piety under Trog
   498 | D:1      | Reached XP level 3. HP: 36/36 MP: 2/2
   805 | D:1      | Reached skill level 6 in Fighting
   805 | D:1      | Reached XP level 4. HP: 32/45 MP: 3/3
   843 | D:2      | Reached skill level 4 in Maces & Flails
   850 | D:1      | HP: 4/45 [poisoned by a goblin]
   985 | D:2      | Found a hazy altar of Hepliaklqana.
  1026 | D:2      | Found a runed door.
  1326 | D:2      | Reached *** piety under Trog
  1335 | D:2      | Reached XP level 5. HP: 50/51 MP: 4/4
  1490 | D:2      | Reached skill level 5 in Maces & Flails
  1825 | D:2      | Noticed Crazy Yiuf
  1829 | D:2      | Killed Crazy Yiuf
  1848 | D:2      | Upgraded the game from 0.23-a0-121-g4413648 to
                  | 0.23-a0-143-g1adec7b
  2112 | D:3      | Reached skill level 6 in Maces & Flails
  2232 | D:3      | Noticed Natasha
  2238 | D:3      | Killed Natasha
  2238 | D:3      | Reached skill level 3 in Armour
  2238 | D:3      | Reached XP level 6. HP: 53/58 MP: 5/5
  2286 | D:3      | Noticed Natasha
  2304 | D:3      | Killed Natasha
  2367 | D:3      | Found a glowing golden altar of the Shining One.
  2471 | D:3      | Noticed Natasha
  2477 | D:3      | Killed Natasha
  2477 | D:3      | Reached skill level 4 in Armour
  2525 | D:3      | Reached **** piety under Trog
  2870 | D:4      | Found an ancient bone altar of Kikubaaqudgha.
  2880 | D:4      | Reached skill level 5 in Armour
  3228 | D:4      | Reached XP level 7. HP: 56/64 MP: 6/6
  3373 | D:4      | Reached skill level 6 in Armour
  3416 | D:4      | Noticed Sigmund
  3432 | D:4      | Killed Sigmund
  3432 | D:4      | Reached skill level 7 in Maces & Flails
  3599 | D:5      | Entered Level 5 of the Dungeon
  3757 | D:5      | Found an opulent altar of Gozag.
  3936 | D:5      | Reached skill level 8 in Maces & Flails
  3989 | D:5      | Found a blossoming altar of Fedhas.
  4200 | D:5      | Got a pitted chain mail
  4201 | D:5      | Identified the +6 chain mail "Vabuepir" {rF+ Str+3} (You
                  | found it on level 5 of the Dungeon)
  4295 | D:5      | Received a gift from Trog
  4295 | D:5      | Reached XP level 8. HP: 71/71 MP: 7/7
  4495 | D:6      | Reached skill level 9 in Maces & Flails
  4541 | D:6      | Reached skill level 7 in Fighting
  4557 | D:6      | Reached skill level 8 in Fighting
  5165 | D:7      | Reached skill level 1 in Shields
  5224 | D:7      | Reached skill level 2 in Shields
  5246 | D:7      | Reached skill level 9 in Fighting
  5401 | D:7      | Found a staircase to the Ecumenical Temple.
  5404 | D:7      | Reached skill level 3 in Shields
  5417 | Temple   | Entered the Ecumenical Temple
  5712 | D:7      | Reached XP level 9. HP: 63/83 MP: 8/8
  5786 | D:7      | Reached ***** piety under Trog
  5886 | D:7      | Reached skill level 10 in Maces & Flails
  5886 | D:7      | Reached skill level 4 in Shields
  5900 | D:7      | Reached skill level 5 in Shields
  5904 | D:7      | Reached skill level 11 in Maces & Flails
  6409 | D:8      | Noticed a two-headed ogre
  6425 | D:8      | Killed a two-headed ogre
  6425 | D:8      | Reached skill level 12 in Maces & Flails
  6425 | D:8      | Reached skill level 6 in Shields
  6550 | D:8      | Found a snail-covered altar of Cheibriados.
  6567 | D:8      | Noticed Grum
  6581 | D:8      | Reached XP level 10. HP: 59/91 MP: 9/9
  6593 | D:8      | Killed Grum
  6907 | D:8      | Reached skill level 7 in Shields
  7077 | D:8      | Reached skill level 13 in Maces & Flails
  7621 | D:8      | Identified a scroll of acquirement
  7624 | D:8      | Got an ancient cloak
  7636 | D:8      | Identified the +2 cloak of the Doge {Regen+ Str+4} (You
                  | acquired it on level 8 of the Dungeon)
  7858 | D:9      | Reached skill level 8 in Shields
  8111 | D:9      | Found a burning altar of Makhleb.
  8240 | D:9      | Found Juyxorr's Antique Armour Shop.
  8252 | D:9      | Bought a pair of runed gloves for 195 gold pieces
  8252 | D:9      | Bought a pair of boots for 117 gold pieces
  8487 | D:9      | Found a stormy altar of Qazlal.
  8528 | D:9      | Reached skill level 14 in Maces & Flails
  8768 | D:10     | Entered Level 10 of the Dungeon
  8791 | D:10     | Received a gift from Trog
  9036 | D:10     | Reached skill level 9 in Shields
  9078 | D:10     | Noticed a gargoyle
  9091 | D:10     | Killed a gargoyle
  9223 | D:10     | Noticed a two-headed ogre
  9229 | D:10     | Killed a two-headed ogre
  9229 | D:10     | Reached XP level 11. HP: 97/97 MP: 10/10
  9524 | D:11     | Reached skill level 15 in Maces & Flails
  9723 | D:11     | Reached skill level 10 in Shields
  9786 | D:11     | Noticed a green ugly thing
  9794 | D:11     | Noticed a two-headed ogre
  9800 | D:11     | Killed a green ugly thing
  9809 | D:11     | Killed a two-headed ogre
  9846 | D:11     | Noticed a brown ugly thing
  9858 | D:11     | Killed a brown ugly thing
  9860 | D:11     | Reached ****** piety under Trog
  9877 | D:11     | Reached skill level 16 in Maces & Flails
 10018 | D:11     | Found a staircase to the Lair.
 10054 | D:11     | Reached skill level 7 in Armour
 10162 | D:11     | Noticed a cyan ugly thing
 10166 | D:11     | Killed a cyan ugly thing
 10166 | D:11     | Reached skill level 11 in Shields
 10371 | D:12     | Received a gift from Trog
 10424 | D:12     | Found a staircase to the Orcish Mines.
 10459 | D:12     | Reached skill level 8 in Armour
 10566 | D:12     | Gained mutation: Scrolls take you a little longer to read.
                  | [a neqoxec]
 10570 | D:12     | Gained mutation: You occasionally shout uncontrollably at
                  | your foes. [a neqoxec]
 10578 | D:12     | Reached XP level 12. HP: 104/104 MP: 11/11
 10630 | D:12     | Reached skill level 9 in Armour
 10678 | D:12     | Reached skill level 3 in Dodging
 10769 | D:12     | Reached skill level 4 in Dodging
 10808 | D:12     | Found Yskusuus's Gadget Shop.
 11071 | Lair:1   | Entered Level 1 of the Lair of Beasts
 11155 | Lair:1   | Found a runed door.
 11156 | Lair:1   | Noticed Bukhlaj's ghost (journeyman HOFi)
 11257 | Lair:1   | Reached skill level 5 in Dodging
 11306 | Lair:1   | Reached skill level 12 in Shields
 11957 | Lair:2   | Noticed a seven-headed hydra
 11965 | Lair:2   | Killed a seven-headed hydra
 11965 | Lair:2   | Reached skill level 6 in Dodging
 12027 | Lair:2   | Found a hole to the Spider Nest.
 12080 | Lair:2   | Received a gift from Trog
 12106 | Lair:2   | Reached skill level 10 in Fighting
 12143 | Lair:2   | Noticed a four-headed hydra
 12150 | Lair:2   | Killed a four-headed hydra
 12202 | Lair:2   | Noticed a six-headed hydra
 12211 | Lair:2   | Killed a six-headed hydra
 12273 | Lair:2   | Reached skill level 11 in Fighting
 12557 | Lair:2   | Reached skill level 13 in Shields
 12913 | Lair:3   | Found a staircase to the Shoals.
 12964 | Lair:3   | Reached XP level 13. HP: 108/117 MP: 4/12
 12991 | Lair:3   | Reached skill level 12 in Fighting
 13037 | Lair:3   | Got an encrusted rapier
 13789 | Lair:4   | You fall through a shaft!
 13808 | Lair:4   | Reached skill level 10 in Armour
 14599 | Lair:5   | Found a staircase to the Slime Pits.
 14606 | Lair:5   | Reached skill level 11 in Armour
 14660 | Lair:5   | Received a gift from Trog
 14735 | Lair:5   | Got a distressingly furry ring mail
 14741 | Lair:5   | Reached skill level 14 in Shields
 15205 | Lair:5   | Identified the +5 ring mail of Luk Poni {-Cast *Drain rC+
                  | Int+5} (You found it on level 5 of the Lair of Beasts)
 15317 | Lair:1   | Killed Bukhlaj's ghost
 15326 | Lair:1   | Reached skill level 12 in Armour
 15333 | Lair:1   | Got a translucent spear {pierce}
 15425 | Orc:1    | Entered Level 1 of the Orcish Mines
 15430 | Orc:1    | Found a roughly hewn altar of Beogh.
 15604 | Orc:1    | Paralysed by an orc sorcerer for 5 turns
 16069 | Orc:2    | Entered Level 2 of the Orcish Mines
 16093 | Orc:2    | Noticed an orc warlord
 16132 | Orc:2    | Killed an orc warlord
 16347 | Orc:1    | Reached skill level 13 in Fighting
 16798 | Orc:2    | Found a staircase to the Elven Halls.
 16861 | Orc:2    | Reached XP level 14. HP: 129/129 MP: 4/13
 16882 | Orc:2    | Found a roughly hewn altar of Beogh.
 16937 | Orc:2    | Received a gift from Trog
 16949 | Orc:2    | Noticed an orc warlord
 16967 | Orc:2    | Killed an orc warlord
 16967 | Orc:2    | Reached skill level 15 in Shields
 17442 | Orc:2    | Reached skill level 14 in Fighting
 17743 | Orc:2    | Found Wehoc's General Store.
 17783 | Orc:2    | Bought a +0 hunting sling of velocity for 46 gold pieces
 17847 | Orc:2    | Found Yliara's Antique Armour Boutique.
 17869 | Orc:2    | Found Ezivve's Antique Weapon Emporium.
 18023 | Orc:2    | Found Bohoh's Book Shop.
 18044 | Orc:1    | Found Higic's General Store.
 18054 | Orc:1    | Bought a scroll of identify for 28 gold pieces
 18355 | Lair:6   | Entered Level 6 of the Lair of Beasts
 18570 | Lair:6   | Noticed Josephine
 18585 | Lair:6   | Killed Josephine
 18737 | Lair:6   | Found a runed door.
 18745 | Lair:6   | Reached skill level 15 in Fighting
 18761 | Lair:6   | Reached skill level 1 in Slings
 18838 | Lair:6   | Reached skill level 13 in Armour
 18856 | Lair:6   | Reached skill level 2 in Slings
 19117 | Lair:6   | Reached skill level 3 in Slings
 19611 | Lair:6   | Reached skill level 4 in Slings
 19611 | Lair:6   | Reached skill level 14 in Armour
 19957 | Lair:6   | Got a twisted scale mail
 19961 | Lair:6   | Got a bloodstained glaive
 19972 | Lair:6   | Identified the +4 scale mail of Boiling Hail {-Tele rC+
                  | rN++ SInv} (You found it on level 6 of the Lair of Beasts)
 20269 | Lair:6   | Received a gift from Trog
 20269 | Lair:6   | Reached skill level 5 in Slings
 20440 | Spider:1 | Entered Level 1 of the Spider Nest
 20484 | Spider:1 | Reached XP level 15. HP: 141/141 MP: 4/14
 20849 | Spider:1 | Reached skill level 15 in Armour
 21040 | Spider:1 | Reached skill level 6 in Slings
 21585 | Spider:2 | HP: 8/143 [jumping spider (9)]
 21592 | Spider:2 | HP: 12/143 [poisoned by a wolf spider]
 21592 | Spider:2 | Slain by a wolf spider

Vault maps used:
D:1:      dpeg_arrival_caged_fury
D:2:      lemuel_coloured_pillars_altar, uniq_crazy_yiuf_cottage
D:3:      nicolae_tso_carved_into_rock, kennysheep_boxes, uniq_natasha
D:4:      kiku_gazebo_garden_becter, uniq_sigmund
D:5:      lemuel_doored_altar, first_ration, nicolae_gozag_seed_capital
D:7:      minmay_flawed_box, minmay_temple_entry_large_hall, grunt_livestock
D:8:      lemuel_ice_spiral_2, basic_altar, uniq_grum
D:9:      lightli_temple_of_fire, marbit_many_paths, serial_shops,
          kennysheep_little_box
D:10:     nicolae_zen_rock_garden
D:11:     due_lair_maze_entry_diamond
D:12:     hiddenorc2_lemuel, serial_shops, shop
Temple:   eino_temple_rhombus
Lair:1:   beast_lair_carwin_large_3, ebering_ghost_funeral_grove,
          patterned_corridor
Lair:2:   nicolae_spider_entry_non_spiders, grunt_megastairs_2
Lair:3:   minmay_shoals_entry_centaurs, serial_bayou_shore_a,
          minmay_lair_oklob_chamber
Lair:4:   wad_woods_structure_01
Lair:5:   slime_dummy, roderic_batcave
Lair:6:   hangedman_lair_in_review, wormcave, serial_bayou_shore_b,
          uniq_josephine
Orc:1:    basic_altar, serial_shops, shop
Orc:2:    grunt_orc_gardens, grunt_orc_garden, grunt_orc_garden,
          grunt_orc_garden, grunt_orc_garden, kennysheep_orc_chapel

Skill      XL: |  1  2  3  4  5  6  7  8  9 10 11 12 13 14 15 |
---------------+----------------------------------------------+-----
Fighting       | 4 5 6 9 11 13 15 | 15.7
Maces & Flails | 4 6 8 9 12 14 16 | 16.0
Armour         | 3 5 6 8 9 12 14 15 | 15.0
Shields        | 3 6 9 11 13 14 15 | 15.0
Dodging        | 6 |  6.2
Slings         | 5 6 |  6.6

Action                   |  1- 3 |  4- 6 |  7- 9 | 10-12 | 13-15 || total
-------------------------+-------+-------+-------+-------+-------++-------
Melee: Mace              |    74 |   111 |       |       |       ||   185
       Headbutt          |     9 |    19 |    65 |   231 |   302 ||   626
       Flail             |       |    81 |   269 |    82 |       ||   432
       Morningstar       |       |       |       |   631 |       ||   631
       Eveningstar       |       |       |       |    94 |  1018 ||  1112
Invok: Trog's Hand       |       |       |       |     1 |       ||     1
       Berserk           |       |       |       |       |     3 ||     3
       Brothers in Arms  |       |       |       |       |     1 ||     1
  Use: Scroll            |       |    13 |     5 |    11 |     6 ||    35
       Potion            |       |     1 |       |       |     2 ||     3
 Stab: Petrified         |       |       |       |       |     3 ||     3
       Petrifying        |       |       |       |       |     1 ||     1
  Eat: Chunk             |       |     8 |    10 |    18 |    30 ||    66
       Ration            |       |       |       |     1 |       ||     1
Armor: Animal skin       |    15 |     3 |       |       |       ||    18
       Ring mail         |       |    48 |       |       |       ||    48
       Scale mail        |       |    23 |    20 |       |    85 ||   128
       Chain mail        |       |       |    83 |   255 |   246 ||   584
Dodge: Dodged            |    56 |   116 |    83 |   148 |   255 ||   658
Block: Shield            |       |       |    71 |   451 |   804 ||  1326
       Reflection        |       |       |       |     3 |     5 ||     8

Table legend:
 A = Non-vault XP
 B = Vault XP
 C = Vault XP percentage of total XP
 D = Non-vault monster count
 E = Vault monster count
 F = Vault count percentage of total count
                 A         B        C        D         E       F
            +---------+---------+-------+---------+---------+-------
      Total |   77455 |   41417 |  34.8 |     597 |     187 |  23.9
            +---------+---------+-------+---------+---------+-------
        D:1 |     144 |       0 |   0.0 |      43 |       0 |   0.0
        D:2 |     150 |       0 |   0.0 |      28 |       0 |   0.0
        D:3 |     175 |      35 |  16.7 |      37 |       1 |   2.6
        D:4 |     292 |     238 |  44.9 |      17 |       1 |   5.6
        D:5 |     435 |       0 |   0.0 |      20 |       0 |   0.0
        D:6 |     598 |       0 |   0.0 |      12 |       0 |   0.0
        D:7 |     813 |    1299 |  61.5 |      25 |      13 |  34.2
        D:8 |    2147 |     660 |  23.5 |      30 |       5 |  14.3
        D:9 |    2427 |      13 |   0.5 |      43 |       1 |   2.3
       D:10 |    2493 |       0 |   0.0 |      21 |       0 |   0.0
       D:11 |    5903 |    1575 |  21.1 |      42 |      10 |  19.2
       D:12 |    5159 |     335 |   6.1 |      37 |      32 |  46.4
     Lair:1 |    1105 |    2957 |  72.8 |       7 |      15 |  68.2
     Lair:2 |    9752 |     306 |   3.0 |      33 |       8 |  19.5
     Lair:3 |    3086 |     860 |  21.8 |      13 |       7 |  35.0
     Lair:4 |    5518 |    1589 |  22.4 |      27 |       7 |  20.6
     Lair:5 |    4573 |     174 |   3.7 |      18 |       9 |  33.3
     Lair:6 |    8196 |   20987 |  71.9 |      27 |      43 |  61.4
   Spider:1 |   12323 |       0 |   0.0 |      33 |       0 |   0.0
   Spider:2 |    4247 |       0 |   0.0 |      11 |       0 |   0.0
      Orc:1 |    2551 |     902 |  26.1 |      28 |       3 |   9.7
      Orc:2 |    5368 |    9487 |  63.9 |      45 |      32 |  41.6
            +---------+---------+-------+---------+---------+-------
